 Dungeon Sprint DCSS version 0.17-b1-36-g7b1967c (webtiles) character file.

58440 hexophile the Severer (level 14, -5/133 (135) HPs)
             Began as a Ghoul Monk on Nov 6, 2015.
             Was the Champion of Makhleb.
             Killed by the raging water
             ... invoked by a water nymph
              (8 damage)
             ... in the Dungeon (Sprint V: "Ziggurat Sprint").
             The game lasted 00:10:10 (1101 turns).

hexophile the Severer (Ghoul Monk)                  Turns: 1101, Time: 00:10:10

HP:   -5/133 (135)  AC: 36    Str: 25    XL:     14   Next: 90%
MP:   22/22         EV:  6    Int:  5    God:    Makhleb [******]
Gold: 0             SH: 32    Dex: 12    Spells: 0 memorised, 13 levels left

rFire  + + +     SeeInvis +     I - +14 obsidian axe {chop, +Fly Str+3 SInv *Curse}
rCold  + + +     Clarity  .     i - +9 gold dragon armour {rC+ rF+ rPois}
rNeg   + + +     SustAt   .     H - +18 shield of the gong {rElec rN+ MR+ EV-5}
rPois  ∞         Gourm    .     B - +1 helmet "Enunwufero" {rC++}
rElec  +         Spirit   .     M - +0 cloak {MR+} {MR+}
rCorr  .         Warding  .     (no gloves)
rMut   .         NoTele   +     N - +1 pair of boots of the Harp {rF++ Dex+3 Slay+2 SInv}
MR     ++++.                    (no amulet)
Stlth  ..........               D - ring of the Sky {+Inv rC++ Str+2 Slay+4 SInv}
                                P - ring "Xytiuxy" {rElec rF+++ MR+ Dex-2 Stlth+}

@: mesmerised, rotting, incredibly resistant to hostile enchantments, extremely
unstealthy
A: rotting body, claws 1, carnivore 3, cold resistance 1, negative energy
resistance 3, slow regeneration 1, torment resistance, unbreathing
a: Minor Destruction, Lesser Servant of Makhleb, Major Destruction, Greater
Servant of Makhleb, Renounce Religion, Evoke Invisibility, Evoke Flight


You were in the Dungeon.
You worshipped Makhleb.
Makhleb was exalted by your worship.
You were not hungry.

You visited 1 branch


Innate Abilities, Weirdness & Mutations

Your body is rotting away.
You thrive on raw meat.
You are immune to poison.
You have sharp fingernails.
You are carnivorous and can eat meat at any time.
Your flesh is cold resistant.
You are immune to negative energy.
You regenerate slowly when monsters are visible.
You are immune to unholy pain and torment.
You can survive without breathing.

Inventory:

Hand Weapons
 t - the +8 mithril axe "Arga" {speed, MR+ Str+2}
   (You took it off a centaur in the Dungeon)

   Attacks with this weapon are significantly faster.
   It affects your strength (+2).
   It affects your resistance to hostile enchantments.
 I - the +14 obsidian axe (weapon) {chop, +Fly Str+3 SInv *Curse}
   (You found it in the Dungeon)

   It inflicts extra damage upon your enemies.
   It affects your strength (+3).
   It lets you see invisible.
   It lets you fly.
   It may re-curse itself when equipped.
Armour
 i - a +9 gold dragon armour (worn) {rC+ rF+ rPois}
 B - the +1 helmet "Enunwufero" (worn) {rC++}
   (You found it in the Dungeon)

   It greatly protects you from cold.
 H - the +18 shield of the gong (worn) {rElec rN+ MR+ EV-5}
   (You found it in the Dungeon)

   It affects your evasion (-5).
   It insulates you from electricity.
   It protects you from negative energy.
   It affects your resistance to hostile enchantments.
 M - a +0 cloak of magic resistance (worn) {MR+}
 N - the +1 pair of boots of the Harp (worn) {rF++ Dex+3 Slay+2 SInv}
   (You found it in the Dungeon)

   It affects your dexterity (+3).
   It affects your accuracy and damage with ranged weapons and melee attacks
   (+2).
   It greatly protects you from fire.
   It lets you see invisible.
Jewellery
 D - the ring of the Sky (right claw) {+Inv rC++ Str+2 Slay+4 SInv}
   (You found it in the Dungeon)

   [ring of slaying]

   It affects your strength (+2).
   It affects your accuracy and damage with ranged weapons and melee attacks
   (+4).
   It greatly protects you from cold.
   It lets you see invisible.
   It lets you turn invisible.
 K - the ring of the Doge {+Fly rElec rF++ MR+}
   (You found it in the Dungeon)

   [ring of protection from magic]

   It greatly protects you from fire.
   It insulates you from electricity.
   It affects your resistance to hostile enchantments.
   It lets you fly.
 L - the amulet "Ydewk" {Stasis Str+2}
   (You found it in the Dungeon)

   [amulet of stasis]

   It prevents you from being teleported, slowed, hasted or paralysed.
   It affects your strength (+2).
 P - the ring "Xytiuxy" (left claw) {rElec rF+++ MR+ Dex-2 Stlth+}
   (You took it off an orc in the Dungeon)

   [ring of protection from magic]

   It affects your dexterity (-2).
   It renders you almost immune to fire.
   It insulates you from electricity.
   It affects your resistance to hostile enchantments.
   It makes you more stealthy.
Wands
 c - a wand of disintegration (7)
 w - a wand of fire (5)
 x - a wand of cold (5)
 y - a wand of draining (5)
Scrolls
 h - 3 scrolls of blinking
 k - 3 scrolls of recharging
 l - 6 scrolls of fog
 m - 5 scrolls of identify
 n - 3 scrolls of remove curse
 o - a scroll of fear
 C - 5 scrolls of brand weapon
Potions
 d - 8 potions of heal wounds
 e - 3 potions of haste
 p - 2 potions of brilliance {Archmagi Int+5 Wiz++}
 q - 2 potions of invisibility
 s - 4 potions of resistance {rF+ rC+ rPois rElec rCorr}
 u - 5 potions of agility {Stlth+ Dex+5 EV+5}
 z - 10 potions of curing
 A - 4 potions of might {Str+5 DMG+1d10}
 E - 7 potions of magic
Miscellaneous
 a - a phial of floods
 f - a fan of gales
 g - a box of beasts
 v - a disc of storms
 F - a lamp of fire
 G - a plain deck of defence
 J - a sack of spiders
Comestibles
 b - 4 meat rations
 j - 42 fruits
 r - 4 bread rations


You had 13 spell levels left.
You didn't know any spells.


   Skills:
 * Level 15.0 Fighting
 - Level 20.0 Axes
 - Level 15.0 Armour
 - Level 15.2 Dodging
 - Level 2.1 Stealth
 - Level 15.0 Shields
 - Level 4.3 Unarmed Combat
 * Level 13.1 Evocations

Dungeon Overview and Level Annotations

Branches:
Dungeon (1/1)

Altars:
Ashenzari
Cheibriados
Dithmenos
Elyvilon
Fedhas
Gozag
Kikubaaqudgha
Makhleb
Nemelex Xobeh
Okawaru
Qazlal
Ru
Sif Muna
Trog
Vehumet
Xom
Yredelemnul
Zin
The Shining One
Beogh
Jiyva
Lugonu

Vault maps used:
D:        sprint_v
You       could see a kraken (fleeing), a merfolk avatar (fleeing), 6 merfolk
          impalers, 4 merfolk javelineers, 2 sea snakes, 3 merfolk aquamancers,
          2 merfolk, a water nymph, a cyclops (fleeing), a tentacle, 3 sirens, a
          friendly ice devil and a friendly orange demon.


Message History

The water nymph casts a spell at you. The water swirls and strikes you!
The merfolk aquamancer hits you with a rapier of holy wrath.
* * * LOW HITPOINT WARNING * * *
You convulse.
* * * LOW HITPOINT WARNING * * *
The merfolk javelineer hits you but does no damage.
You block the merfolk impaler's attack.
GONNNNG!
The sea snake bites you but does no damage.
Your ice devil hits the tentacle!
The tentacle dies!
The merfolk javelineer hits you from afar with a +0 glaive of venom.
* * * LOW HITPOINT WARNING * * *
The merfolk hits you but does no damage. !MASSIVE DAMAGE!
YOU LOST 40 HP!
You have now: 3/133 HP.
Drink which item? (? for menu, Esc to quit)
Okay, then.
Read which item? (? for menu, Esc to quit)
As you read the scroll of fear, it crumbles to dust.
You assume a fearsome visage.
The tentacle segment is unaffected.
The tentacle is unaffected.
The tentacle segment is unaffected.
The tentacle segment is unaffected. x5
Your orange demon is unaffected.
Your ice devil is unaffected.
The tentacle is unaffected.
The siren looks frightened!
The merfolk aquamancer looks frightened!
The merfolk javelineer looks frightened!
The siren looks frightened!
The merfolk javelineer easily resists.
The sea snake looks frightened!
The merfolk avatar looks frightened!
The merfolk javelineer looks frightened!
The merfolk impaler looks frightened!
The kraken looks frightened!
The merfolk easily resists.
The siren looks frightened!
The merfolk impaler looks frightened!
The merfolk aquamancer resists with almost no effort.
The merfolk impaler looks frightened!
The cyclops looks frightened!
The merfolk aquamancer easily resists.
The merfolk impaler looks frightened!
The merfolk impaler looks frightened! x2
The sea snake looks frightened!
The merfolk javelineer looks frightened!
The merfolk looks frightened!
The water nymph resists with almost no effort.
The merfolk avatar's song is interrupted.
You block the tentacle's attack.
GONNNNG!
The kraken squirts a massive cloud of ink into the water!
The merfolk impaler howls, "Help!"
The water nymph casts a spell at you. The water swirls and strikes you!
You die...

Action                   |  1- 3 |  4- 6 |  7- 9 | 10-12 | 13-15 || total
-------------------------+-------+-------+-------+-------+-------++-------
Melee: Broad axe         |     8 |     2 |    44 |   105 |   178 ||   337
 Abil: Evoke Invisibilit |       |       |       |       |     1 ||     1
  Use: Potion            |     3 |       |       |     3 |     1 ||     7
       Scroll            |       |       |       |     6 |     3 ||     9
 Stab: Distracted        |       |       |       |     4 |     3 ||     7
       Invisible         |       |       |       |       |     8 ||     8
  Eat: Meat ration       |       |       |       |     1 |       ||     1
       Chunk             |       |       |       |       |     3 ||     3

Notes
Turn   | Place    | Note
--------------------------------------------------------------
     0 | D        | hexophile the Ghoul Monk began the quest for the Orb.
     0 | D        | Reached XP level 1. HP: 19/19 MP: 0/0
     0 | D        | Found an iron altar of Okawaru.
     0 | D        | Found a radiant altar of Vehumet.
     0 | D        | Found a burning altar of Makhleb.
     0 | D        | Found a shimmering altar of Xom.
     0 | D        | Found a deep blue altar of Sif Muna.
     8 | D        | Found a corrupted altar of Lugonu.
     8 | D        | Found a white marble altar of Elyvilon.
     8 | D        | Found a roughly hewn altar of Beogh.
     8 | D        | Found a sparkling altar of Nemelex Xobeh.
     8 | D        | Found a viscous altar of Jiyva.
     8 | D        | Found a bloodstained altar of Trog.
    39 | D        | Became a worshipper of Makhleb the Destroyer
    39 | D        | Reached * piety under Makhleb
    39 | D        | Reached ** piety under Makhleb
    62 | D        | Reached skill level 8 in Fighting
    62 | D        | Reached XP level 2. HP: 24/36 MP: 1/1
    63 | D        | Entered arena 1.
    63 | D        | Noticed a wight
    66 | D        | Killed a wight
    66 | D        | Reached skill level 4 in Axes
    66 | D        | Reached XP level 3. HP: 30/41 MP: 2/2
    71 | D        | Got the +3 broad axe of Shame {venom, +Blink rF- rN+++ Str+3}
    74 | D        | Entered arena 2.
    74 | D        | Noticed a merfolk
    74 | D        | Noticed a merfolk
    74 | D        | Noticed a merfolk
    82 | D        | Killed a merfolk
    82 | D        | Reached skill level 9 in Axes
    82 | D        | Reached XP level 4. HP: 33/49 MP: 3/3
    82 | D        | Reached XP level 5. HP: 37/56 MP: 4/4
    82 | D        | Reached XP level 6. HP: 40/62 MP: 5/5
    84 | D        | Killed a merfolk
    84 | D        | Reached *** piety under Makhleb
    84 | D        | Reached skill level 11 in Axes
    84 | D        | Reached XP level 7. HP: 63/69 MP: 6/6
    87 | D        | Killed a merfolk
    87 | D        | Reached skill level 12 in Axes
    92 | D        | Entered arena 3.
    92 | D        | Noticed a crimson imp
    92 | D        | Noticed a quasit
    94 | D        | Killed a quasit
    95 | D        | Killed a crimson imp
    95 | D        | Reached **** piety under Makhleb
   103 | D        | Entered arena 4.
   103 | D        | Noticed a merfolk
   103 | D        | Noticed a merfolk
   103 | D        | Noticed a merfolk
   103 | D        | Noticed a merfolk
   108 | D        | Killed a merfolk
   108 | D        | Reached skill level 13 in Axes
   108 | D        | Reached XP level 8. HP: 72/77 MP: 7/7
   111 | D        | Killed a merfolk
   111 | D        | Reached ***** piety under Makhleb
   111 | D        | Reached skill level 14 in Axes
   113 | D        | Killed a merfolk
   119 | D        | Killed a merfolk
   119 | D        | Reached skill level 15 in Axes
   122 | D        | Entered arena 5.
   122 | D        | Noticed an orc wizard
   122 | D        | Noticed an orc priest
   122 | D        | Noticed an orc priest
   124 | D        | Killed an orc priest
   127 | D        | Killed an orc priest
   127 | D        | Reached skill level 1 in Shields
   127 | D        | Killed an orc wizard
   127 | D        | Reached skill level 1 in Armour
   127 | D        | Reached skill level 3 in Dodging
   128 | D        | Reached ****** piety under Makhleb
   133 | D        | Entered arena 6.
   133 | D        | Noticed a wight
   133 | D        | Noticed a necrophage
   133 | D        | Noticed a necrophage
   140 | D        | Killed a necrophage
   142 | D        | Killed a wight
   142 | D        | Reached XP level 9. HP: 82/82 MP: 8/8
   143 | D        | Killed a necrophage
   143 | D        | Reached skill level 2 in Armour
   143 | D        | Reached skill level 2 in Shields
   149 | D        | Got the ring "Daytsaw" {Wiz rElec rPois}
   151 | D        | Entered arena 7.
   151 | D        | Noticed a merfolk
   151 | D        | Noticed a merfolk
   151 | D        | Noticed a merfolk
   151 | D        | Noticed a merfolk
   151 | D        | Noticed a centaur
   156 | D        | Killed a centaur
   161 | D        | Killed a merfolk
   161 | D        | Reached skill level 3 in Armour
   161 | D        | Reached skill level 4 in Dodging
   161 | D        | Reached skill level 3 in Shields
   162 | D        | Killed a merfolk
   164 | D        | Killed a merfolk
   164 | D        | Reached skill level 4 in Armour
   164 | D        | Reached skill level 5 in Dodging
   164 | D        | Reached skill level 4 in Shields
   164 | D        | Killed a merfolk
   172 | D        | Entered arena 8.
   172 | D        | Noticed a centaur
   172 | D        | Noticed a merfolk
   172 | D        | Noticed a merfolk
   172 | D        | Noticed a cyclops
   172 | D        | Noticed a merfolk
   172 | D        | Noticed a merfolk
   172 | D        | Noticed a hippogriff
   175 | D        | Killed a hippogriff
   180 | D        | Killed a cyclops
   180 | D        | Reached skill level 16 in Axes
   180 | D        | Reached skill level 5 in Armour
   180 | D        | Reached skill level 6 in Dodging
   180 | D        | Reached skill level 5 in Shields
   180 | D        | Killed a merfolk
   180 | D        | Reached XP level 10. HP: 90/90 MP: 9/9
   183 | D        | Killed a merfolk
   183 | D        | Killed a merfolk
   183 | D        | Reached skill level 6 in Armour
   183 | D        | Reached skill level 6 in Shields
   183 | D        | Killed a centaur
   187 | D        | Killed a merfolk
   187 | D        | Reached skill level 7 in Dodging
   194 | D        | Got the ring of the Sky {+Inv rC++ Str+2 Slay+4 SInv}
   199 | D        | Entered arena 9.
   199 | D        | Noticed a wight
   199 | D        | Noticed a wight
   199 | D        | Noticed a wight
   199 | D        | Noticed a phantom
   202 | D        | Killed a wight
   203 | D        | Killed a wight
   205 | D        | Killed a wight
   206 | D        | Killed a phantom
   213 | D        | Got the amulet "Wuxanusch" {Inacc -Tele rPois rN+ Str+6}
   216 | D        | Got the ring "Fougrami" {Wiz MR+ MP+9 Dex+4}
   219 | D        | Got the cursed +0 chain mail "Baophe" {MR+ Int+3}
   221 | D        | Entered arena 10.
   221 | D        | Noticed a water moccasin
   221 | D        | Noticed a naga mage
   221 | D        | Noticed a water moccasin
   221 | D        | Noticed a naga
   225 | D        | Killed a water moccasin
   225 | D        | Killed a water moccasin
   230 | D        | Killed a naga mage
   230 | D        | Reached skill level 7 in Armour
   230 | D        | Reached skill level 7 in Shields
   230 | D        | Killed a naga
   250 | D        | Entered arena 11.
   250 | D        | Noticed a spriggan rider
   250 | D        | Noticed a spriggan druid
   250 | D        | Noticed a satyr
   250 | D        | Noticed a shambling mangrove
   250 | D        | Noticed a spriggan druid
   251 | D        | Noticed a spriggan air mage
   251 | D        | Noticed a spriggan berserker
   251 | D        | Noticed a thorn hunter
   251 | D        | Noticed a shambling mangrove
   251 | D        | Noticed a spriggan berserker
   254 | D        | Killed a spriggan druid
   254 | D        | Reached skill level 8 in Dodging
   257 | D        | Noticed a death yak
   260 | D        | Killed a spriggan berserker
   260 | D        | Killed a spriggan
   260 | D        | Reached skill level 8 in Armour
   261 | D        | Killed a wasp
   261 | D        | Reached skill level 8 in Shields
   262 | D        | Killed a spriggan druid
   262 | D        | Reached XP level 11. HP: 54/95 MP: 10/10
   262 | D        | Killed a spriggan berserker
   262 | D        | Reached skill level 17 in Axes
   262 | D        | Reached skill level 9 in Dodging
   266 | D        | Killed a shambling mangrove
   270 | D        | Reached skill level 9 in Armour
   273 | D        | Killed a shambling mangrove
   273 | D        | Reached skill level 9 in Shields
   275 | D        | Killed a spriggan air mage
   276 | D        | Killed a thorn hunter
   276 | D        | Reached skill level 10 in Dodging
   279 | D        | Reached skill level 10 in Armour
   282 | D        | Killed a satyr
   282 | D        | Reached skill level 10 in Shields
   314 | D        | Entered arena 12.
   314 | D        | Noticed a merfolk
   314 | D        | Noticed a wind drake
   314 | D        | Noticed a harpy
   314 | D        | Noticed a water elemental
   314 | D        | Noticed a merfolk
   315 | D        | Noticed a manticore
   315 | D        | Noticed a siren
   315 | D        | Noticed a manticore
   315 | D        | Noticed a merfolk aquamancer
   315 | D        | Noticed a wind drake
   316 | D        | Noticed a merfolk javelineer
   319 | D        | Killed a harpy
   323 | D        | Killed a water elemental
   324 | D        | Killed a merfolk
   325 | D        | Killed a wind drake
   326 | D        | Killed a wind drake
   329 | D        | Killed a manticore
   332 | D        | Killed a merfolk aquamancer
   332 | D        | Reached skill level 11 in Dodging
   333 | D        | Killed a manticore
   333 | D        | Reached XP level 12. HP: 101/101 MP: 11/11
   335 | D        | Killed a siren
   335 | D        | Reached skill level 18 in Axes
   336 | D        | Killed a merfolk
   336 | D        | Reached skill level 11 in Armour
   339 | D        | Killed a merfolk javelineer
   339 | D        | Reached skill level 11 in Shields
   350 | D        | Entered arena 13.
   351 | D        | Noticed a rust devil
   351 | D        | Noticed an iron imp
   351 | D        | Noticed a hellion
   351 | D        | Noticed a red devil
   352 | D        | Noticed a necrophage
   352 | D        | Noticed a reaper
   352 | D        | Noticed a rust devil
   352 | D        | Noticed a wight
   352 | D        | Noticed a reaper
   352 | D        | Noticed an ice devil
   357 | D        | Killed an iron imp
   359 | D        | Killed an ice devil
   360 | D        | Killed a rust devil
   361 | D        | Killed a rust devil
   361 | D        | Killed a necrophage
   361 | D        | Killed a wight
   362 | D        | Killed a hellion
   371 | D        | Killed a reaper
   373 | D        | Killed a red devil
   373 | D        | Reached skill level 12 in Dodging
   382 | D        | Killed a reaper
   386 | D        | Got the ring "Weunol" {*Drain rElec rPois MR++ Stlth+}
   397 | D        | Got the amulet "Bocviz" {rMut rPois rN+}
   400 | D        | Got the ring of the Doge {+Fly rElec rF++ MR+}
   405 | D        | Entered arena 14.
   406 | D        | Noticed a slime creature
   406 | D        | Noticed a slime creature
   406 | D        | Noticed a death ooze
   406 | D        | Noticed a slime creature
   406 | D        | Noticed a great orb of eyes
   406 | D        | Noticed a slime creature
   414 | D        | Noticed a death ooze
   414 | D        | Noticed an azure jelly
   414 | D        | Noticed a jelly
   414 | D        | Noticed an acid blob
   414 | D        | Noticed a slime creature
   414 | D        | Noticed a death ooze
   414 | D        | Killed a death ooze
   414 | D        | Reached skill level 12 in Armour
   414 | D        | Reached skill level 12 in Shields
   414 | D        | Killed a slime creature
   416 | D        | Noticed a death ooze
   417 | D        | Killed a slime creature
   417 | D        | Killed a slime creature
   420 | D        | Killed a slime creature
   423 | D        | Killed a great orb of eyes
   423 | D        | Killed a death ooze
   426 | D        | Killed a death ooze
   427 | D        | Killed an acid blob
   427 | D        | Reached skill level 19 in Axes
   427 | D        | Reached skill level 13 in Dodging
   427 | D        | Reached XP level 13. HP: 93/108 MP: 12/12
   429 | D        | Killed a death ooze
   429 | D        | Reached skill level 13 in Armour
   429 | D        | Reached skill level 13 in Shields
   430 | D        | Killed a jelly
   430 | D        | Killed an azure jelly
   433 | D        | Killed a slime creature
   441 | D        | Got the +1 helmet "Enunwufero" {rC++}
   448 | D        | Got the amulet "Ydewk" {Stasis Str+2}
   455 | D        | Entered arena 15.
   456 | D        | Noticed a swamp drake
   456 | D        | Noticed a swamp drake
   456 | D        | Noticed a death drake
   456 | D        | Noticed an ice dragon
   456 | D        | Noticed a death drake
   456 | D        | Noticed a five-headed hydra
   456 | D        | Noticed a death drake
   457 | D        | Noticed a swamp drake
   457 | D        | Noticed a death drake
   457 | D        | Noticed a swamp dragon
   457 | D        | Noticed a mottled dragon
   457 | D        | Noticed a swamp drake
   457 | D        | Noticed a steam dragon
   457 | D        | Noticed a four-headed hydra
   467 | D        | Killed a death drake
   467 | D        | Reached skill level 1 in Evocations
   469 | D        | Killed a death drake
   471 | D        | Killed a death drake
   471 | D        | Reached skill level 2 in Evocations
   474 | D        | Killed a nine-headed hydra
   476 | D        | Killed a swamp drake
   478 | D        | Killed an ice dragon
   478 | D        | Reached skill level 3 in Evocations
   479 | D        | Killed a swamp drake
   482 | D        | Killed a death drake
   483 | D        | Killed a swamp dragon
   484 | D        | Killed a nine-headed hydra
   484 | D        | Reached skill level 14 in Dodging
   484 | D        | Reached skill level 4 in Evocations
   488 | D        | Killed a swamp drake
   489 | D        | Killed a mottled dragon
   492 | D        | Killed a swamp drake
   496 | D        | Killed a steam dragon
   503 | D        | Entered arena 16.
   504 | D        | Noticed a vampire
   509 | D        | Noticed a freezing wraith
   509 | D        | Noticed a tormentor
   511 | D        | Killed a vampire
   512 | D        | Noticed a shadow
   512 | D        | Noticed an ice devil
   512 | D        | Noticed a freezing wraith
   512 | D        | Noticed an ice devil
   512 | D        | Noticed an ice beast
   512 | D        | Noticed a wraith
   519 | D        | Killed a tormentor
   521 | D        | Killed a freezing wraith
   522 | D        | Killed a shadow
   524 | D        | Killed an ice devil
   524 | D        | Killed a wraith
   525 | D        | Killed an ice beast
   528 | D        | Killed a freezing wraith
   529 | D        | Killed an ice devil
   529 | D        | Reached skill level 14 in Armour
   529 | D        | Reached skill level 14 in Shields
   529 | D        | Reached skill level 5 in Evocations
   556 | D        | Entered arena 17.
   565 | D        | Noticed a merfolk javelineer
   565 | D        | Noticed a merfolk impaler
   565 | D        | Noticed a merfolk javelineer
   565 | D        | Noticed a merfolk impaler
   565 | D        | Noticed a manticore
   565 | D        | Noticed a siren
   565 | D        | Noticed a merfolk impaler
   565 | D        | Noticed a merfolk javelineer
   566 | D        | Noticed a water nymph
   566 | D        | Noticed a merfolk avatar
   566 | D        | Noticed a manticore
   566 | D        | Noticed a merfolk impaler
   566 | D        | Noticed a merfolk javelineer
   567 | D        | Noticed a manticore
   567 | D        | Noticed a merfolk javelineer
   567 | D        | Noticed a merfolk
   568 | D        | Noticed a merfolk aquamancer
   569 | D        | Killed a water nymph
   571 | D        | Noticed a merfolk avatar
   574 | D        | Killed a merfolk impaler
   580 | D        | Killed a merfolk impaler
   581 | D        | Killed a merfolk javelineer
   581 | D        | Killed a manticore
   581 | D        | Reached skill level 6 in Evocations
   582 | D        | Killed a merfolk javelineer
   585 | D        | Killed a merfolk
   585 | D        | Killed a merfolk javelineer
   585 | D        | Killed a merfolk javelineer
   585 | D        | Reached skill level 20 in Axes
   585 | D        | Reached XP level 14. HP: 96/113 MP: 16/18
   585 | D        | Killed a manticore
   585 | D        | Killed a merfolk aquamancer
   586 | D        | Killed a manticore
   586 | D        | Reached skill level 7 in Evocations
   589 | D        | Killed a siren
   592 | D        | Killed a merfolk impaler
   592 | D        | Reached skill level 15 in Dodging
   593 | D        | Killed a merfolk javelineer
   595 | D        | Killed a merfolk impaler
   605 | D        | Killed a merfolk avatar
   609 | D        | Killed a merfolk avatar
   617 | D        | Got the +1 pair of boots of the Harp {rF++ Dex+3 Slay+2 SInv}
   624 | D        | Entered arena 18.
   624 | D        | Noticed a wolf
   628 | D        | Noticed a water moccasin
   630 | D        | Noticed a giant frog
   630 | D        | Noticed a crocodile
   630 | D        | Killed a wolf
   631 | D        | Noticed a griffon
   631 | D        | Noticed a spiny frog
   631 | D        | Noticed a water moccasin
   631 | D        | Noticed a hippogriff
   632 | D        | Noticed a porcupine
   632 | D        | Noticed a seven-headed hydra
   632 | D        | Noticed a yak
   632 | D        | Noticed a basilisk
   632 | D        | Noticed a crocodile
   632 | D        | Noticed a porcupine
   632 | D        | Noticed a crocodile
   633 | D        | Noticed a yak
   633 | D        | Noticed a crocodile
   634 | D        | Noticed a black mamba
   635 | D        | Killed a water moccasin
   635 | D        | Killed a giant frog
   637 | D        | Killed a crocodile
   638 | D        | Killed a spiny frog
   638 | D        | Reached skill level 9 in Fighting
   638 | D        | Reached skill level 15 in Armour
   638 | D        | Reached skill level 15 in Shields
   638 | D        | Reached skill level 8 in Evocations
   638 | D        | Killed a hippogriff
   639 | D        | Killed a water moccasin
   642 | D        | Killed a crocodile
   643 | D        | Killed a black mamba
   643 | D        | Killed a griffon
   644 | D        | Killed a crocodile
   644 | D        | Killed a porcupine
   644 | D        | Killed a yak
   644 | D        | Killed a porcupine
   646 | D        | Killed a basilisk
   647 | D        | Killed a yak
   647 | D        | Killed a crocodile
   649 | D        | Killed an 11-headed hydra
   649 | D        | Reached skill level 10 in Fighting
   649 | D        | Reached skill level 9 in Evocations
   678 | D        | Got the amulet of Keux {Clar Int-3 Dex+2 SInv Stlth+}
   682 | D        | Entered arena 19.
   691 | D        | Noticed a troll
   691 | D        | Noticed an orc high priest
   692 | D        | Noticed an orc high priest
   692 | D        | Noticed an orc knight
   692 | D        | Noticed an orc high priest
   693 | D        | Noticed an orc warrior
   694 | D        | Noticed a two-headed ogre
   694 | D        | Noticed an orc high priest
   694 | D        | Noticed an ogre
   695 | D        | Killed a troll
   695 | D        | Noticed a warg
   700 | D        | Killed an orc high priest
   702 | D        | Killed an orc high priest
   705 | D        | Killed an orc warrior
   706 | D        | Noticed an orc high priest
   706 | D        | Killed an orc knight
   706 | D        | Reached skill level 11 in Fighting
   708 | D        | Killed a two-headed ogre
   710 | D        | Killed an ogre
   711 | D        | Killed an orc high priest
   711 | D        | Reached skill level 10 in Evocations
   712 | D        | Killed a warg
   715 | D        | Killed an orc high priest
   720 | D        | Killed an orc high priest
   727 | D        | Got the ring "Xytiuxy" {rElec rF+++ MR+ Dex-2 Stlth+}
   729 | D        | Entered arena 20.
   738 | D        | Noticed an acid blob
   738 | D        | Noticed a slime creature
   739 | D        | Noticed a shining eye
   739 | D        | Noticed a slime creature
   739 | D        | Noticed a jelly
   739 | D        | Noticed a slime creature
   739 | D        | Noticed a golden eye
   742 | D        | Noticed a jelly
   742 | D        | Noticed a shining eye
   742 | D        | Noticed an acid blob
   742 | D        | Noticed a giant orange brain
   742 | D        | Noticed an eye of draining
   742 | D        | Noticed a slime creature
   747 | D        | Noticed a slime creature
   747 | D        | Noticed an acid blob
   747 | D        | Noticed a great orb of eyes
   748 | D        | Noticed a death ooze
   748 | D        | Noticed a slime creature
   749 | D        | Killed an acid blob
   749 | D        | Reached skill level 12 in Fighting
   749 | D        | Reached skill level 11 in Evocations
   750 | D        | Noticed a slime creature
   751 | D        | Noticed a slime creature
   751 | D        | Noticed an eye of devastation
   751 | D        | Killed a golden eye
   752 | D        | Killed a slime creature
   753 | D        | Noticed a great orb of eyes
   756 | D        | Noticed an azure jelly
   757 | D        | Noticed a great orb of eyes
   757 | D        | Killed a large slime creature
   759 | D        | Killed a jelly
   760 | D        | Killed a slime creature
   761 | D        | Killed a jelly
   762 | D        | Killed a slime creature
   763 | D        | Killed an acid blob
   763 | D        | Reached skill level 13 in Fighting
   768 | D        | Killed a death ooze
   768 | D        | Killed a great orb of eyes
   768 | D        | Reached skill level 12 in Evocations
   773 | D        | Killed a giant orange brain
   774 | D        | Killed a slime creature
   774 | D        | Reached skill level 14 in Fighting
   775 | D        | Killed an acid blob
   778 | D        | Entered arena 21.
  1085 | D        | Noticed a merfolk impaler
  1085 | D        | Noticed a sea snake
  1085 | D        | Noticed a sea snake
  1085 | D        | Noticed a merfolk javelineer
  1085 | D        | Noticed a merfolk
  1085 | D        | Noticed a water nymph
  1085 | D        | Noticed a hippogriff
  1086 | D        | Noticed a siren
  1086 | D        | Noticed a merfolk impaler
  1086 | D        | Noticed a merfolk aquamancer
  1086 | D        | Noticed a merfolk aquamancer
  1086 | D        | Noticed a merfolk impaler
  1086 | D        | Noticed a merfolk impaler
  1086 | D        | Noticed a merfolk aquamancer
  1086 | D        | Noticed a merfolk javelineer
  1086 | D        | Noticed a kraken
  1086 | D        | Noticed a merfolk
  1086 | D        | Noticed a siren
  1086 | D        | Noticed a cyclops
  1086 | D        | Noticed a merfolk aquamancer
  1086 | D        | Noticed a merfolk impaler
  1086 | D        | Noticed a merfolk javelineer
  1086 | D        | Noticed a merfolk impaler
  1086 | D        | Noticed a merfolk avatar
  1086 | D        | Noticed a siren
  1087 | D        | Noticed a merfolk aquamancer
  1088 | D        | Noticed a sea snake
  1088 | D        | Noticed a merfolk javelineer
  1094 | D        | Killed a merfolk aquamancer
  1095 | D        | Killed a hippogriff
  1097 | D        | Killed a sea snake
  1097 | D        | Reached skill level 13 in Evocations
  1097 | D        | Killed a merfolk aquamancer
  1097 | D        | Reached skill level 15 in Fighting
  1100 | D        | HP: 5/133 [merfolk aquamancer/rapier of holy wrath (5)]
  1101 | D        | Killed from afar by a water nymph

Table legend:
 A = Turns spent in this place as a percentage of turns spent in the entire game.
 B = Non-inter-level travel turns spent in this place as a percentage of non-inter-level travel turns spent in the entire game.
 C = Inter-level travel turns spent in this place as a percentage of turns spent in this place.
 D = Turns resting spent in this place as a percentage of non-inter-level travel turns spent in this place.
 E = Turns spent auto-exploring this place as a percentage of non-inter-level travel turns spent in this place.
 F = Non-inter-level travel turns spent in this place divided by the number of levels of this place that you've seen.
                   A       B       C       D       E      F
               +-------+-------+-------+-------+-------+----------------------
         Total | 100.0 | 100.0 |   0.0 |   0.8 |   0.0 | 1030.0
       Dungeon | 100.0 | 100.0 |   0.0 |   0.8 |   0.0 | 1030.0
               +-------+-------+-------+-------+-------+----------------------

Table legend:
 A = Kills in this place as a percentage of kills in entire the game.
 B = Kills by you in this place as a percentage of kills by you in the entire game.
 C = Kills by friends in this place as a percentage of kills by friends in the entire game.
 D = Other kills in this place as a percentage of other kills in the entire game.
 E = Experience gained in this place as a percentage of experience gained in the entire game.
 F = Experience gained in this place divided by the number of levels of this place that you have seen.
                   A       B       C       D       E      F
               +-------+-------+-------+-------+-------+----------------------
         Total | 100.0 | 100.0 | 100.0 | 100.0 | 100.0 | 83477.0
       Dungeon | 100.0 | 100.0 | 100.0 | 100.0 | 100.0 | 83477.0
               +-------+-------+-------+-------+-------+----------------------

Vanquished Creatures
  3 acid blobs (D)
  A thorn hunter (D)
  2 reapers (D)
  5 death oozes (D)
  5 merfolk javelineers (D)
  A great orb of eyes (D)
  2 merfolk impalers (D)
  An ice dragon (D)
  3 hydras (D)
  3 merfolk aquamancers (D)
  A satyr (D)
  4 orc high priests (D)
  A spriggan berserker (D)
  A sea snake (D)
  2 spriggan druids (D)
  3 ice devils (D)
  4 death drakes (D)
  A swamp dragon (D)
  A shambling mangrove (D)
  An orc knight (D)
  A harpy (D)
  4 manticores (D)
  A cyclops (D)
  A water nymph (D)
  A naga mage (D)
  A siren (D)
  A spiny frog (D)
  2 rust devils (D)
  A hellion (D)
  A black mamba (D)
  A troll (D)
  2 wind drakes (D)
  A tormentor (D)
  A red devil (D)
  2 freezing wraiths (D)
  A two-headed ogre (D)
  16 merfolk (D)
  9 slime creatures (D)
  A water elemental (D)
  A vampire (D)
  A wraith (D)
  A yak (D)
  A golden eye (D)
  A shadow (D)
  A steam dragon (D)
  3 hippogriffs (D)
  A mottled dragon (D)
  A naga (D)
  A wolf (D)
  A warg (D)
  4 water moccasins (D)
  5 wasps (D)
  An ice beast (D)
  An ogre (D)
  4 swamp drakes (D)
  A phantom (D)
  A centaur (D)
  2 necrophages (D)
  A crocodile (D)
  A giant frog (D)
  4 wights (D)
  A crimson imp (D)
  3 jellies (D)
  2 orc priests (D)
  A quasit (D)
  An iron imp (D)
  An orc wizard (D)
  A sheep (D)
  3 mummies (D)
  A river rat (D)
  3 adders (D)
  A shadow imp (D)
  An ufetubus (D)
  2 adder skeletons (D)
  An adder zombie (D)
  9 orcs (D)
  2 ball pythons (D)
  2 bat skeletons (D)
  A ball python skeleton (D)
  A giant gecko skeleton (D)
  2 giant gecko zombies (D)
  A jackal skeleton (D)
  A quokka zombie (D)
  2 briar patches (D)
  2 tentacles (D)
176 creatures vanquished.

Vanquished Creatures (collateral kills)
  An acid blob (D)
  An azure jelly (D)
  A merfolk javelineer (D)
  2 merfolk impalers (D)
  A great orb of eyes (D)
  A spriggan air mage (D)
  2 merfolk avatars (D)
  A merfolk aquamancer (D)
  An orc high priest (D)
  A spriggan berserker (D)
  A giant orange brain (D)
  A manticore (D)
  A shambling mangrove (D)
  A griffon (D)
  A siren (D)
  2 merfolk (D)
  A slime creature (D)
  A spriggan (D)
  A yak (D)
  A basilisk (D)
  2 porcupines (D)
  A wasp (D)
  An orc warrior (D)
  A centaur (D)
  3 crocodiles (D)
  A wight (D)
  A river rat (D)
  An adder zombie (D)
  4 orcs (D)
  A ball python skeleton (D)
  4 briar patches (D)
  A tentacle (D)
44 creatures vanquished.

Vanquished Creatures (others)
  A necrophage (D)
  A wight (D)
  2 briar patches (D)
  2 tentacles (D)
  485 tentacle segments (D)
491 creatures vanquished.

Grand Total: 711 creatures vanquished
